 Dungeon Crawl Stone Soup version 0.28.0-53-g5a82cb258f (webtiles) character file.

Game seed: 16985087437976576263

5 ILmort the Digger (level 1, 0/10 HPs)
             Began as a Gargoyle Earth Elementalist on Aug 1, 2022.
             Slain by a jackal (2 damage)
             ... on level 1 of the Dungeon.
             The game lasted 00:01:38 (252 turns).

ILmort the Digger (Gargoyle Earth Elementalist)      Turns: 252, Time: 00:01:38

Health: 0/10       AC:  4    Str: 11    XL:     1   Next: 80%
Magic:  2/3        EV: 12    Int: 15    God:
Gold:   24         SH:  0    Dex: 10    Spells: 3/4 levels left

rFire   . . .      SeeInvis .   (no weapon)
rCold   . . .      Faith    .   (no shield)
rNeg    + . .      Spirit   .   b - +0 robe
rPois   ∞          Reflect  .   (no helmet)
rElec   +          Harm     .   (no cloak)
rCorr   .          Rampage  .   (no gloves)
Will    .....                   (no boots)
Stlth   ++........              (no amulet)
HPRegen 0.03/turn               (no ring)
MPRegen 0.08/turn               (no ring)

@: no status effects
A: sickness immunity, AC +2, negative energy resistance 1, electricity
resistance, torment resistance 1, petrification resistance
a: no special abilities


You were on level 1 of the Dungeon.
You visited 1 branch of the dungeon, and saw 2 of its levels.

You collected 24 gold pieces.

Inventory:

Missiles
 c - 24 stones
Armour
 b - a +0 robe (worn)
Scrolls
 a - a scroll of amnesia {unknown}
Potions
 d - a potion of heal wounds {unknown}


   Skills:
 + Level 1.7 Dodging
 + Level 2.1 Stealth
 + Level 2.0 Spellcasting
 + Level 0.7 Transmutations
 + Level 3.9 Earth Magic


You had 3 spell levels left.
You knew the following spells:

 Your Spells              Type           Power      Damage    Failure   Level
a - Sandblast             Erth           26%        2d8       4%          1

Your spell library contained the following spells:

 Spells                   Type           Power      Damage    Failure   Level
 Passwall                 Tmut/Erth      6%         N/A       13%         2
 Stone Arrow              Conj/Erth      14%        3d7       28%         3
 Petrify                  Tmut/Erth      8%         N/A       63%         4


Dungeon Overview and Level Annotations

Branches:
Dungeon (2/15)

Altars:


Innate Abilities, Weirdness & Mutations

You are immune to sickness and miasma.
Your stone body is resilient. (AC +2)
You are immune to poison.
You resist negative energy. (rN+)
You are resistant to electric shocks. (rElec)
You are resistant to unholy torment.
You are immune to petrification.


Message History

You are too injured to fight recklessly!
You are too injured to fight recklessly!
You are too injured to fight recklessly!
You are too injured to fight recklessly!
You are too injured to fight recklessly!
Casting: Sandblast (safe; 4% risk of failure)
Confirm with . or Enter, or press ? or * to list all spells.
You don't have enough magic to cast this spell.
The jackal closely misses you. The jackal barely misses you.
The jackal closely misses you. The jackal closely misses you.
The jackal bites you but does no damage.
The jackal bites you.
The jackal bites you but does no damage.
The jackal closely misses you. The jackal barely misses you.
The jackal bites you.
The jackal bites you but does no damage. x2
There is a stone staircase leading down here.
The jackal bites you. x2
You climb downwards.
There is a stone staircase leading up here.
The jackal bites you but does no damage.
The jackal barely misses you.
You climb upwards.
There is a stone staircase leading down here.
The jackal barely misses you.
The jackal bites you but does no damage.
The jackal barely misses you.
The jackal bites you but does no damage.
The jackal closely misses you.
The jackal bites you but does no damage. x2
The jackal bites you but does no damage.
The jackal barely misses you. The jackal closely misses you.
The jackal bites you.
* * * LOW HITPOINT WARNING * * *
The jackal closely misses you. The jackal barely misses you. x2
The jackal bites you but does no damage.
The jackal bites you.
You die...

###8##.##
#....#..........# #.#
....#..#
#....#..........# #..
.......#
#..###..........# #..
######## ##.#
#.)....!...# #.. #.#
#..........# #.. #.#
#..........# #.. #.#
#...†......# #..
#.###..........# #..
#....@...###########..
##...hh..# #..........
#.......###.#######.#
#....####...### #.#
#....#≈≈≈≈≈≈≈≈# #.#
#....####...#######.#
#.......##.## #.#)..#
#..........# #.#.###
#.......#### #.#.#


You could see 2 jackals.

Vanquished Creatures
  An endoplasm (D:1)
  A jackal (D:1)
  A quokka (D:1)
  A bat (D:1)
  A kobold (D:1)
5 creatures vanquished.

Notes
Turn   | Place    | Note
-------+----------+-------------------------------------------
     0 | D:1      | ILmort the Gargoyle Earth Elementalist began the quest for
                  | the Orb.
     0 | D:1      | Reached XP level 1. HP: 10/10 MP: 3/3
   252 | D:1      | Slain by a jackal

Illustrated notes

Levels and vault maps discovered:
D:1:      scummos_arrival_simple_crosswalls, layout_basic, serial_rivers,
          chequers_serial_rivers_micro_d, chequers_serial_rivers_small_3,
          chequers_serial_rivers_micro_a, chequers_serial_rivers_large_b,
          ebering_ecumenical_altar_petrified, corexii_leaking_fountain
D:2:      layout_basic

Action                   || total
-------------------------++-------
 Cast: Sandblast         ||     6
Armor: Robe              ||    12
Dodge: Dodged            ||    16
